 Dungeon Crawl Stone Soup version 0.30-a0-879-ga8ba668304 (webtiles) character file.

Game seed: 11314033726984905014

8621 Pimp the Magician (level 11, -4/75 HPs)
             Began as a Demonspawn Fire Elementalist on Mar 13, 2023.
             Killed by vampiric draining
             ... invoked by a vampire
              (13 damage)
             ... on level 9 of the Dungeon.
             The game lasted 00:52:50 (11833 turns).

Pimp the Magician (Demonspawn Fire Elementalist)   Turns: 11833, Time: 00:52:51

Health: -4/75      AC: 14    Str: 11    XL:     11   Next: 12%
Magic:  14/22      EV: 13    Int: 19    God:
Gold:   509        SH:  4    Dex: 15    Spells: 7/25 levels left

rFire   + . .      SeeInvis .    n - staff of fire
rCold   + . .      Faith    .    (no shield)
rNeg    . . .      Spirit   .    A - +0 acid dragon scales
rPois   .          Reflect  .    c - +1 helmet
rElec   .          Rampage  .    (no cloak)
rCorr   +                        (no gloves)
Will    +....                    f - +0 pair of boots
Stlth   ++++                     (no amulet)
HPRegen 0.32/turn                b - ring of protection from cold
MPRegen 0.18/turn                (no ring)

@: no status effects
A: thin skeletal structure 1, demonic guardian 2, icemail 1, condensation
shield, weakness stinger 1, hooves 1, strong-willed 1
a: no special abilities


You were on level 9 of the Dungeon.
You visited 2 branches of the dungeon, and saw 11 of its levels.

You collected 509 gold pieces.

Inventory:

Hand Weapons
 k - a +1 mace
 m - a +0 flail
 q - a +3 broad axe of flaming
Armour
 c - a +1 helmet (worn)
 f - a +0 pair of boots (worn)
 t - a +2 robe of willpower
 u - a +0 leather armour of fire resistance
 z - a +0 troll leather armour
 A - +0 acid dragon scales (worn)
 B - an orb of guile
Magical Staves
 n - a staff of fire (weapon)
Jewellery
 a - an amulet of guardian spirit
 b - a ring of protection from cold (left hand)
Wands
 i - a wand of flame (4)
 w - a wand of roots (9) (quivered)
 x - a wand of digging (7)
Scrolls
 g - 3 scrolls of amnesia
 h - 2 scrolls of magic mapping
 l - 2 scrolls of identify
Potions
 d - a potion of cancellation
 e - a potion of flight {unknown}
 j - 2 potions of magic
 o - 3 potions of mutation
 p - a potion of curing
 r - 2 potions of lignification {unknown}
 s - a potion of haste {unknown}
 v - 4 potions of might {unknown}


   Skills:
 + Level 3.1 Fighting
 + Level 2.9 Armour
 + Level 5.6 Dodging
 - Level 5.0 Stealth
 * Level 7.5 Spellcasting
 + Level 5.9 Conjurations
 + Level 4.6 Transmutations
 + Level 6.1 Fire Magic
 + Level 5.0 Poison Magic
 + Level 5.5 Evocations


You had 7 spell levels left.
You knew the following spells:

 Your Spells              Type           Power      Damage    Failure   Level
a - Foxfire               Conj/Fire      100%       2x1d9     1%          1
b - Inner Flame           Hex/Fire       28%        N/A       12%         3
c - Scorch                Fire           90%        2d9       1%          2
d - Ignite Poison         Fire/Tmut/Pois 40%        N/A       4%          3
e - Passwall              Tmut/Erth      12%        N/A       9%          2
f - Flame Wave            Conj/Fire      45%        2d12      12%         4
g - Kindle Blastsparks    Fire/Tloc/Air  44%        2d13      19%         3

Your spell library contained the following spells:

 Spells                   Type           Power      Damage    Failure   Level
 Stone Arrow              Conj/Erth      36%        3d9       13%         3
 Sandblast                Erth           14%        2d6       14%         1
 Summon Small Mammal      Summ           28%        N/A       14%         1
 Fulminant Prism          Conj/Hex       9%         3d7       38%         4
 Call Canine Familiar     Summ           7%         N/A       41%         3
 Ozocubu's Armour         Ice            7%         N/A       41%         3
 Portal Projectile        Hex/Tloc       14%        N/A       41%         3
 Summon Guardian Golem    Hex/Summ       7%         N/A       41%         3
 Tukima's Dance           Hex            7%         N/A       41%         3
 Alistair's Intoxication  Tmut/Pois      16%        N/A       50%         5
 Blade Hands              Tmut           12%        N/A       52%         5
 Metabolic Englaciation   Hex/Ice        3%         N/A       99%         5
 Silence                  Hex/Air        3%         N/A       99%         5
 Simulacrum               Ice/Necr       3%         N/A       100%        6


Dungeon Overview and Level Annotations

Branches:
Dungeon (10/15)            Temple (1/1) D:6            Lair (0/5) D:9
    Orc: D:9-12

Altars:
Ashenzari
Cheibriados
Fedhas
Gozag
Hepliaklqana
Kikubaaqudgha
Makhleb
Nemelex Xobeh
Okawaru
Qazlal
Ru
Sif Muna
Trog
Uskayaw
Vehumet
Wu Jian
Xom
Yredelemnul

Shops:
D:5 ?:[:

Annotations:
D:4 1 runed translucent door, cforsyth's ghost, amateur BaFi
D:7 2 transporters, exclusion: ice statue, NinjaNoafa's ghost, novice MfGl
Temple 2 transporters


Innate Abilities, Weirdness & Mutations

You have a somewhat thin skeletal structure. (Dex +2, Stealth+)
A demonic guardian rushes to your aid.
A meltable icy envelope protects you from harm. (AC +4)
A meltable shield of frost defends you. (SH +4)
You have a small tail.
You have large cloven feet.
You are strong-willed. (Will+)


Message History

Unknown command.
Okay, then.
Casting: Flame Wave (dangerous; 12% risk of failure)
Confirm with . or Enter, or press ? or * to list all spells.
Casting: Flame Wave (dangerous; 12% risk of failure)
Press: ? - help, Dir - look around, f - activate You feel a surge of power!
A wave of flame ripples out!
The flame wave engulfs the vampire!
The vampire is moderately damaged.
The flame wave engulfs the two-headed ogre!
The two-headed ogre is moderately wounded. (Press . to intensify the flame waves.)
The vampire hits you! The vampire bites you!
The vampire draws strength from your injuries!
A wave of flame ripples out!
The flame wave engulfs the vampire!
The vampire is heavily damaged.
The flame wave engulfs the two-headed ogre!
The two-headed ogre is heavily wounded.
The vampire gestures wildly while chanting.
The vampire flickers and vanishes!
Deactivating autopickup; reactivate with Ctrl-A.
The two-headed ogre closely misses you.
The two-headed ogre hits you with a +0 dire flail!
A wave of flame ripples out!
The flame wave engulfs something!
The flame wave engulfs the two-headed ogre!
The two-headed ogre is severely wounded.
You finish channelling waves of flame.
Something draws life force from you!
* * * LOW HITPOINT WARNING * * *
The two-headed ogre misses you.
The two-headed ogre hits you with a +0 dire flail.
* * * LOW HITPOINT WARNING * * *
You feel better. Something draws life force from you!
* * * LOW HITPOINT WARNING * * *
Casting: Flame Wave (dangerous; 12% risk of failure)
Confirm with . or Enter, or press ? or * to list all spells.
Aiming: Passwall (safe; 9% risk of failure)
Press: ? - help, Dir - move target A rock wall.
Something draws life force from you!
You die...

########### ### ###
#.........# #.# #.#
#......##.### #.# #.#
#...........## #.# #.#
#^.)....#.#..## #.# #.#
#.............# #.# #.#
#.......#.#.#.###.# #†#
#...........@O....######.####
#......###.{.####...........÷
#......# ##### #.#..####..##
#......# #~~~~≈≈≈~~)#
#......# ###≈#≈≈≈≈≈#~.#
######.# #..~#≈###≈#≈##
#.########.#≈#≈≈≈≈≈#≈###
#...........~≈~≈≈≈≈≈~...
#.#####.#####.##########


You could see a two-headed ogre.

Vanquished Creatures
  Pikel (D:9)
  Joseph (D:7)
  A komodo dragon (D:6)
  A troll (D:7)
  A hornet (D:7)
  Sigmund (D:4)
  4 wyverns
  11 yaks (D:9)
  A basilisk (D:9)
  A steam dragon (D:9)
  Edmund (D:6)
  An acid dragon (D:8)
  2 water moccasins
  3 orc warriors
  A black bear (D:9)
  An ice beast (D:7)
  3 ogres
  2 centaurs
  A phantom (D:6)
  2 lemures (D:9)
  3 bullfrogs
  3 scorpions
  4 wights (D:9)
  12 killer bees (D:9)
  7 howler monkeys
  3 electric eels
  4 quasits (D:8)
  5 orc priests
  2 hounds (D:5)
  Natasha (thrice) (D:4)
  An iguana (D:7)
  4 orc wizards
  Robin (D:4)
  7 gnolls
  7 adders
  2 shadow imps (D:8)
  8 white imps
  4 ufetubi (D:8)
  A worm (D:4)
  3 dart slugs
  25 orcs
  8 bats
  7 endoplasms
  6 giant cockroaches
  13 goblins
  9 hobgoblins
  5 kobolds
  7 quokkas
  13 ball pythons
  2 frilled lizards
  4 rats
223 creatures vanquished.

Vanquished Creatures (collateral kills)
  Maggie (D:8)
  3 wyverns (D:9)
  A quasit (D:8)
  An orc priest (D:3)
  An endoplasm (D:1)
  4 foxfires (D:1)
11 creatures vanquished.

Vanquished Creatures (others)
  An ufetubus (D:8)
  3 demonic plants (D:8)
  447 foxfires
  3 fungi (D:9)
  7 plants
461 creatures vanquished.

Grand Total: 695 creatures vanquished

Notes
Turn   | Place    | Note
-------+----------+-------------------------------------------
     0 | D:1      | Pimp the Demonspawn Fire Elementalist began the quest for
                  | the Orb.
     0 | D:1      | Reached XP level 1. HP: 13/13 MP: 3/3
   283 | D:1      | Gained mutation: A weak demonic guardian rushes to your
                  | aid. [demonic ancestry]
   283 | D:1      | Reached XP level 2. HP: 19/19 MP: 3/5
   508 | D:1      | Got the Annotations on Bewitching Reconstruction
   881 | D:1      | Found a faded altar of an unknown god.
  1030 | D:1      | Reached XP level 3. HP: 24/24 MP: 4/6
  1393 | D:2      | Learned a level 3 spell: Inner Flame
  1396 | D:2      | Learned a level 2 spell: Scorch
  1709 | D:2      | Gained mutation: A meltable shield of frost defends you.
                  | (SH +4) [demonic ancestry]
  1709 | D:2      | Reached XP level 4. HP: 30/30 MP: 2/7
  2465 | D:3      | Noticed a water moccasin
  2472 | D:3      | Killed a water moccasin
  2473 | D:3      | Reached skill level 1 in Evocations
  2473 | D:3      | Gained mutation: A demonic guardian rushes to your aid.
                  | [demonic ancestry]
  2473 | D:3      | Reached XP level 5. HP: 35/35 MP: 3/9
  2675 | D:3      | Reached skill level 3 in Spellcasting
  3065 | D:3      | Gained mutation: A meltable icy envelope protects you from
                  | harm. (AC +4) [demonic ancestry]
  3065 | D:3      | Reached XP level 6. HP: 41/41 MP: 5/10
  3531 | D:4      | Identified a scroll of acquirement
  3532 | D:4      | Acquired the Codex of Transmigration and Imprecation
  3538 | D:4      | Learned a level 3 spell: Ignite Poison
  3593 | D:4      | Noticed Natasha
  3607 | D:4      | Killed Natasha
  3654 | D:4      | Found a runed translucent door.
  3654 | D:4      | Noticed cforsyth's ghost (amateur BaFi)
  3774 | D:4      | Noticed Robin
  3810 | D:5      | Entered Level 5 of the Dungeon
  3952 | D:4      | Reached XP level 7. HP: 46/46 MP: 6/12
  4040 | D:4      | Noticed Natasha
  4046 | D:4      | Killed Natasha
  4149 | D:4      | Killed Robin
  4150 | D:4      | Reached skill level 1 in Transmutations
  4157 | D:4      | Reached skill level 1 in Poison Magic
  4224 | D:4      | Noticed Sigmund
  4231 | D:4      | Killed Sigmund
  4240 | D:4      | Reached skill level 4 in Spellcasting
  4690 | D:4      | Noticed Natasha
  4695 | D:4      | Killed Natasha
  5287 | D:5      | Reached XP level 8. HP: 42/52 MP: 5/14
  5459 | D:5      | You fall into a shaft and drop 2 floors!
  5489 | D:7      | Noticed a komodo dragon
  5586 | D:5      | Found Guban's Book Shop.
  5589 | D:5      | Found Ompikupa's Book Shop.
  5593 | D:5      | Found Iceosti's Magic Scroll Shop.
  5596 | D:5      | Found Qitrasy's Antique Armour Shop.
  5629 | D:5      | Found an ancient bone altar of Kikubaaqudgha.
  5977 | D:6      | Found a staircase to the Ecumenical Temple.
  5983 | Temple   | Entered the Ecumenical Temple
  5983 | Temple   | Found a transporter.
  5983 | Temple   | Found a transporter.
  5985 | Temple   | Found a transporter.
  5985 | Temple   | Found a transporter.
  6114 | D:6      | Noticed Edmund
  6124 | D:6      | Killed Edmund
  6452 | D:6      | Found an iron altar of Okawaru.
  7056 | D:7      | Noticed a troll
  7065 | D:7      | Killed a troll
  7065 | D:7      | Noticed a gargoyle
  7066 | D:7      | Reached skill level 5 in Spellcasting
  7154 | D:7      | Noticed an ice statue
  7159 | D:7      | Learned a level 2 spell: Passwall
  7164 | D:7      | Learned a level 4 spell: Flame Wave
  7171 | D:7      | Found a transporter.
  7175 | D:7      | Noticed NinjaNoafa's ghost (novice MfGl)
  7187 | D:7      | Noticed Joseph
  7188 | D:7      | Noticed a troll
  7203 | D:7      | Killed Joseph
  7204 | D:7      | Gained mutation: You have a small tail. [demonic ancestry]
  7204 | D:7      | Reached XP level 9. HP: 39/57 MP: 0/17
  7315 | D:7      | Found a transporter.
  7415 | D:7      | Found a bloodstained altar of Trog.
  7608 | D:6      | Killed a komodo dragon
  7609 | D:6      | Reached skill level 5 in Fire Magic
  7940 | D:7      | Reached skill level 5 in Stealth
  8016 | D:7      | Reached skill level 6 in Spellcasting
  8297 | D:8      | Noticed Maggie
  8324 | D:8      | Killed Maggie
  8325 | D:8      | Reached skill level 1 in Fighting
  8325 | D:8      | Reached skill level 1 in Armour
  8667 | D:8      | Gained mutation: You are strong-willed. (Will+) [potion of
                  | mutation]
  8667 | D:8      | Gained mutation: You have large cloven feet. [potion of
                  | mutation]
  8913 | D:8      | Found a basalt altar of Yredelemnul.
  8917 | D:8      | Found a sparkling altar of Nemelex Xobeh.
  8919 | D:8      | Found a radiant altar of Vehumet.
  9004 | D:8      | Found an opulent altar of Gozag.
  9037 | D:8      | Reached skill level 5 in Conjurations
  9037 | D:8      | Gained mutation: You have a somewhat thin skeletal
                  | structure. (Dex +2, Stealth+) [demonic ancestry]
  9037 | D:8      | Reached XP level 10. HP: 65/65 MP: 14/19
  9737 | D:8      | Learned a level 3 spell: Kindle Blastsparks
 10036 | D:9      | Reached skill level 5 in Dodging
 10422 | D:9      | Noticed Pikel
 10433 | D:9      | Killed Pikel
 10588 | D:9      | Reached skill level 5 in Evocations
 10721 | D:9      | Reached skill level 7 in Spellcasting
 10997 | D:9      | Found a staircase to the Lair.
 11171 | D:9      | Reached XP level 11. HP: 70/75 MP: 1/22
 11355 | D:9      | Reached skill level 5 in Poison Magic
 11679 | D:10     | Entered Level 10 of the Dungeon
 11681 | D:10     | Noticed a two-headed ogre
 11833 | D:9      | Killed from afar by a vampire

Illustrated notes

Levels and vault maps discovered:
D:1:      giann_horns, layout_basic, hellmonk_ecumenical_altar_arch_garden,
          minmay_misc_feat_pillars, st_stairs_7, hex_tiny, serial_bayou_lagoon_a
D:2:      layout_basic
D:3:      layout_basic, minmay_misc_feat_room
D:4:      layout_basic, hellmonk_ghost_happy_afterlife, uniq_sigmund,
          uniq_robin, uniq_natasha
D:5:      layout_cave_pools, minitemple, minmay_shop_grid_forest
D:6:      layout_gridville, okawaru_ov_weapons_minmay,
          minmay_temple_entry_gardened_gates, uniq_edmund
D:7:      layout_rooms, trog_butcher_becter, nzn_ghost_randoct,
          nicolae_figureground_pulse, uniq_joseph
D:8:      layout_basic, nicolae_overflow_hidden_temple, serial_demonic,
          serial_demonic_b, serial_demonic_f, serial_demonic_d,
          serial_demonic_b, serial_demonic_a, serial_demonic_e,
          serial_demonic_a, serial_demonic_f, serial_demonic_f,
          serial_demonic_d, uniq_maggie
D:9:      layout_small_grid, david_lair_generic, serial_glass, glass_columns_c,
          glass_columns_a, glass_columns_a, glass_columns_b,
          minmay_crystal_water, uniq_pikel
D:10:     layout_cave_pools, erik_orc_4, serial_shops, nicolae_stop_n_shop_1,
          hangedman_decor_clover_reticule, bh_walls_and_bars
Temple:   hellmonk_temple_divided_pantheon

Skill      XL: |  1  2  3  4  5  6  7  8  9 10 11 |
---------------+----------------------------------+-----
Stealth        | 2 3 4 5 |  5.0
Dodging        | 2 3 4 5 |  5.6
Fire Magic     | 3 4 5 6 |  6.1
Conjurations   | 2 3 4 5 |  5.9
Evocations     | 1 2 3 4 5 |  5.5
Spellcasting   | 3 4 5 6 7 |  7.5
Transmutations | 1 2 3 4 |  4.6
Poison Magic   | 1 3 4 5 |  5.0
Fighting       | 1 3 |  3.1
Armour         | 1 2 |  2.9

Action                     |  1- 3 |  4- 6 |  7- 9 | 10-12 || total
---------------------------+-------+-------+-------+-------++-------
  Melee: Unarmed           |    44 |       |       |       ||    44
         Mace              |     4 |       |       |       ||     4
         Staff             |       |    25 |    18 |    25 ||    68
         Punch             |       |     1 |       |       ||     1
         Tailslap          |       |       |       |     2 ||     2
   Cast: Foxfire           |    73 |    76 |   117 |    30 ||   296
         Scorch            |     2 |    18 |    88 |    46 ||   154
         Flame Wave        |       |       |       |    15 ||    15
         Kindle Blastspark |       |       |       |     2 ||     2
         Passwall          |       |       |       |     1 ||     1
  Evoke: Wand              |       |     1 |     3 |     5 ||     9
    Use: Potion            |     1 |       |     5 |     3 ||     9
         Scroll            |       |    11 |    10 |     4 ||    25
   Stab: Sleeping          |     2 |       |     1 |       ||     3
 Armour: Robe              |    11 |    17 |    12 |       ||    40
         Troll leather arm |       |       |    15 |       ||    15
         Acid dragon scale |       |       |    58 |    67 ||   125
  Dodge: Dodged            |    56 |    24 |   108 |    95 ||   283
  Block: Other             |       |     7 |    31 |    29 ||    67

Table legend: (Time is in decaauts)
 A = Elapsed time spent in this place.
 B = Non-inter-level travel time spent in this place.
 C = Inter-level travel time spent in this place.
 D = Time resting spent in this place.
 E = Time spent auto-exploring this place.
 F = Levels seen in this place.
 G = Mean time per level.
                   A        B        C        D        E       F      G
               +--------+--------+--------+--------+--------+-----+--------+
         Total |  11884 |  11364 |    520 |   4126 |   4992 |  11 | 1080.4 |
       Dungeon |  11849 |  11329 |    520 |   4126 |   4992 |  10 | 1184.9 |
        Temple |     34 |     34 |      0 |      0 |      0 |   1 |   34.0 |
               +--------+--------+--------+--------+--------+-----+--------+

Top non-repeatable levels by time:
     D:9: 1829 daAuts
     D:8: 1735 daAuts
     D:6: 1485 daAuts
     D:1: 1430 daAuts
     D:3: 1374 daAuts
     D:4: 1355 daAuts
     D:7: 979 daAuts
     D:5: 953 daAuts
     D:2: 696 daAuts
  Temple: 34 daAuts
    D:10: 10 daAuts
